 Dungeon Crawl Stone Soup version 0.25.1-2-g60ff931df9 (webtiles) character file.

Game seed: 13023441419493367391

17421 DearestLeader the Geomancer (level 12, -20/68 HPs)
             Began as a Gargoyle Earth Elementalist on Nov 2, 2020.
             Was a High Priest of Vehumet.
             Demolished by a death yak simulacrum (29 damage)
             ... in an ice cave.
             The game lasted 00:33:28 (13804 turns).

DearestLeader the Geomancer (GrEE)                 Turns: 13804, Time: 00:33:29

Health: -20/68     AC: 17    Str: 12    XL:     12   Next: 47%
Magic:  13/24      EV: 13    Int: 21    God:    Vehumet [*****.]
Gold:   549        SH:  0    Dex: 10    Spells: 3/28 levels left

rFire    + . .     SeeInvis .   M - +2 mace (freeze)
rCold    . . .     Gourm    .   (no shield)
rNeg     + + .     Faith    .   N - +2 robe {rF+}
rPois    ∞         Spirit   .   H - +0 helmet
rElec    +         Reflect  .   R - +1 cloak
rCorr    .         Harm     .   u - +0 pair of gloves
MR       .....                  n - +0 pair of boots
Stlth    ++........             a - amulet of magic regeneration
HPRegen  0.21/turn              S - ring of positive energy
MPRegen  0.44/turn              c - ring of wizardry

@: no status effects
A: negative energy resistance 1, electricity resistance, unbreathing,
petrification resistance, rot immunity, AC +8
a: Renounce Religion


You were in an ice cave.
You worshipped Vehumet.
Vehumet was extremely pleased with you.
You were very hungry.

You visited 2 branches of the dungeon, and saw 12 of its levels.
You also visited: Ossuary and Ice Cave.

You collected 806 gold pieces.
You spent 257 gold pieces at shops.

Inventory:

Hand Weapons
 x - a +3 vorpal mace
 y - a +0 dagger of distortion
 M - a +2 mace of freezing (weapon)
Missiles
 b - 220 stones (quivered)
Armour
 n - a +0 pair of boots (worn)
 u - a +0 pair of gloves (worn)
 H - a +0 helmet (worn)
 N - a +2 robe of fire resistance (worn)
 R - a +1 cloak (worn)
 T - a +1 hat
Jewellery
 a - an amulet of magic regeneration (around neck)
 c - a ring of wizardry (right hand)
 g - an uncursed ring of see invisible
 L - a +4 ring of slaying
 P - the ring "Voism" {Fire rElec}
   (You found it on level 9 of the Dungeon)

   [ring of fire]

   It enhances your fire magic.
   It protects you from fire.
   It makes you vulnerable to cold.
   It insulates you from electricity.
 S - a ring of positive energy (left hand)
Wands
 B - a wand of random effects (40)
 K - a wand of paralysis (6)
 Q - a wand of iceblast (7)
Scrolls
 e - 2 scrolls of brand weapon
 f - 3 scrolls of immolation
 i - 3 scrolls of teleportation
 j - 2 scrolls of enchant armour
 k - 2 scrolls of remove curse
 m - 2 scrolls of magic mapping
 o - 3 scrolls of enchant weapon
 p - a scroll of blinking {unknown}
 r - 2 scrolls of fog {unknown}
 s - 5 scrolls of amnesia
 v - 2 scrolls of fear
 C - 2 scrolls of noise {unknown}
Potions
 h - 13 potions of curing
 l - 3 potions of brilliance
 q - 2 potions of heal wounds
 t - a potion of invisibility {unknown}
 w - 5 potions of mutation
 z - a potion of resistance
 A - a potion of might {unknown}
 D - a potion of stabbing {unknown}
 E - 2 potions of flight {unknown}
 F - 2 potions of degeneration {unknown}
 G - 2 potions of magic {unknown}
 I - a potion of lignification {unknown}
 J - a potion of haste {unknown}
Comestibles
 d - 20 rations


   Skills:
 - Level 5.4 Fighting
 + Level 4.4 Dodging
 - Level 2.1 Stealth
 + Level 8.8 Spellcasting
 * Level 10.1 Conjurations
 + Level 4.3 Summonings
 - Level 1.0 Transmutations
 + Level 14.7 Earth Magic


You had 3 spell levels left.
You knew the following spells:

 Your Spells              Type           Power        Failure   Level  Hunger
a - Sandblast             Erth           ######       0%          1    None
b - Passwall              Tmut/Erth      #####...     1%          2    None
c - Stone Arrow           Conj/Erth      ######       1%          3    None
d - Lee's Rapid Deconstr  Erth           ######....   1%          5    #####..
e - Petrify               Tmut/Erth      #####...     1%          4    ###....
f - Spellforged Servitor  Conj/Summ      #####.....   30%         7    #######
g - Mephitic Cloud        Conj/Pois/Air  ###.....     1%          3    None

Your spell library contained the following spells:

 Spells                   Type           Power        Failure   Level  Hunger
 Fireball                 Conj/Fire      ####......   3%          5    #####..
 Magic Dart               Conj           ####         1%          1    None
 Summon Small Mammal      Summ           ####         1%          1    None
 Call Imp                 Summ           ####....     1%          2    None
 Searing Ray              Conj           ######       1%          2    None
 Call Canine Familiar     Summ           ####....     1%          3    None
 Conjure Flame            Conj/Fire      ####....     1%          3    None
 Dazzling Flash           Conj/Hex       ####..       1%          3    None
 Sting                    Tmut/Pois      ##..         2%          1    None
 Ignite Poison            Fire/Tmut/Pois ##......     2%          3    None
 Summon Guardian Golem    Hex/Summ       ###.....     3%          3    None
 Poisonous Vapours        Pois/Air       #.....       4%          2    None
 Fulminant Prism          Conj/Hex       ####......   1%          4    ###....
 Iskenderun's Mystic Bla  Conj/Tloc      ####....     1%          4    ###....
 Olgreb's Toxic Radiance  Pois           #.......     9%          4    ###....
 Summon Ice Beast         Ice/Summ       ###.....     12%         4    ###....
 Summon Lightning Spire   Summ/Air       ###.....     12%         4    ###....
 Freezing Cloud           Conj/Ice/Air   ###.......   26%         6    ######.
 Cause Fear               Hex            #.........   28%         4    ###....
 Agony                    Necr           #.......     58%         5    #####..
 Simulacrum               Ice/Necr       #.........   98%         6    ######.
 Ring of Flames           Chrm/Fire      #.........   100%        7    #######


Dungeon Overview and Level Annotations

Branches:
Dungeon (10/15)            Temple (0/1) D:6            Lair (2/6) D:8
    Orc (0/2) D:10        Ossuary (visited)           IceCv (1/1)
  Swamp: Lair:2-4    Shoals: Lair:2-4     Snake: Lair:2-4    Spider: Lair:2-4

Altars:
Elyvilon
Fedhas
Gozag
Kikubaaqudgha
Makhleb
Nemelex Xobeh
Qazlal
Ru
Sif Muna
Uskayaw
Vehumet
Wu Jian
Xom
Zin

Shops:
D:5 }   D:8 [


Innate Abilities, Weirdness & Mutations

You are resistant to torment.
Your stone body is resilient. (AC +8)
You are immune to poison.
You resist negative energy. (rN+)
You are resistant to electric shocks. (rElec)
You can survive without breathing.
You are immune to petrification.
You are immune to rotting.


Message History

The death yak simulacrum closely misses you.
Okay, then.
There is an ice covered gate leading back out of this place here.
Casting: Stone Arrow (safe; 1% risk of failure)
Confirm with . or Enter, or press ? or * to list all spells.
Okay, then.
Casting: Stone Arrow (safe; 1% risk of failure)
Confirm with . or Enter, or press ? or * to list all spells.
Aiming: Lee's Rapid Deconstruction (safe; 1% risk of failure)
Press: ? - help, Dir - move target cursor An ice covered rock wall.
The wall shatters!
The blast of rock fragments hits the death yak simulacrum but does no damage.
The death yak simulacrum is moderately damaged.
You are feeling very hungry.
Something shouts, "Fly, thou errant fool-born flirt-gill!"
The death yak simulacrum gores you!
* * * LOW HITPOINT WARNING * * *
The death yak simulacrum freezes you!!
You die...

#####
##.@.##
##.Z∩..##
#.......#
#...∩...#
##.....##
##...##
#...#
##...
#...#


You could see a death yak simulacrum.

Vanquished Creatures
  A hydra (Lair:2)
  A centaur warrior (D:10)
  4 two-headed ogres
  A cyclops (D:10)
  An elephant (D:8)
  3 spiny frogs
  2 rime drakes (Lair:2)
  2 trolls (D:9)
  Grinder (D:3)
  4 blink frogs (Lair:1)
  9 hippogriffs
  3 yaks (Lair:1)
  A wraith (D:10)
  A spriggan (D:7)
  A basilisk (D:8)
  A hungry ghost (D:7)
  A warg (D:10)
  A death yak simulacrum (IceCv)
  A water moccasin (Lair:1)
  3 porcupines
  Duvessa (D:6)
  7 orc warriors
  4 phantoms
  A necrophage (D:9)
  3 sky beasts
  4 ogres
  3 black bears
  3 centaurs
  2 crocodiles
  8 bullfrogs
  A big kobold (D:8)
  Dowan (D:6)
  3 water moccasin zombies (Ossuary)
  A gnoll sergeant (D:4)
  2 wyvern skeletons
  A water moccasin skeleton (D:8)
  3 scorpions
  6 killer bees
  13 wights
  4 crimson imps
  A bullfrog zombie (D:9)
  A jelly (D:5)
  2 hounds
  2 centaur zombies
  20 orc wizards
  9 orc priests
  2 bullfrog skeletons
  Jessica (D:2)
  2 centaur skeletons
  Ijyb (D:5)
  4 iguanas
  6 worker ants
  A killer bee zombie (D:5)
  An ogre zombie (D:4)
  2 wolf simulacra (IceCv)
  3 big kobold zombies (Ossuary)
  A hound zombie (D:10)
  A hound skeleton (D:4)
  2 mummies (Ossuary)
  Robin (D:4)
  2 worker ant zombies
  2 howler monkey skeletons
  10 gnolls
  2 gnoll zombies (D:4)
  16 adders
  2 shadow imps
  3 oozes
  3 adder zombies
  3 adder skeletons
  3 worms
  2 dart slugs
  3 leopard geckos
  54 orcs
  2 ball pythons
  5 bats
  5 giant cockroaches
  5 hobgoblins
  10 jackals
  3 quokkas
  A ball python skeleton (D:4)
  A ball python zombie (D:5)
  3 frilled lizards
  10 goblins
  9 hobgoblin zombies (Ossuary)
  A jackal skeleton (D:5)
  9 kobolds
  6 kobold zombies (Ossuary)
  A leopard gecko skeleton (D:4)
  5 orc zombies (Ossuary)
  3 rats
360 creatures vanquished.

Vanquished Creatures (others)
  A kobold zombie (Ossuary)
1 creature vanquished.

Grand Total: 361 creatures vanquished

Notes
Turn   | Place    | Note
-------+----------+-------------------------------------------
     0 | D:1      | DearestLeader the Gargoyle Earth Elementalist began the
                  | quest for the Orb.
     0 | D:1      | Reached XP level 1. HP: 10/10 MP: 3/3
   289 | D:1      | Reached skill level 4 in Earth Magic
   315 | D:1      | Reached XP level 2. HP: 12/15 MP: 5/5
  1042 | D:2      | Reached skill level 5 in Earth Magic
  1042 | D:2      | Reached XP level 3. HP: 19/19 MP: 4/6
  1161 | D:2      | Found a radiant altar of Vehumet.
  1169 | D:2      | Became a worshipper of Vehumet
  1250 | D:2      | Found a sacrificial altar of Ru.
  1282 | D:2      | Learned a level 2 spell: Passwall
  1286 | D:2      | Learned a level 3 spell: Stone Arrow
  1376 | D:2      | Found a shimmering altar of Xom.
  1676 | D:2      | Noticed Jessica
  1679 | D:2      | Killed Jessica
  1679 | D:2      | Reached XP level 4. HP: 24/24 MP: 4/7
  1721 | D:2      | Reached skill level 6 in Earth Magic
  1836 | D:3      | Reached XP level 5. HP: 25/28 MP: 8/8
  2023 | D:3      | Reached * piety under Vehumet
  2023 | D:3      | Offered knowledge of Magic Dart by Vehumet.
  2482 | D:3      | Reached skill level 7 in Earth Magic
  2482 | D:3      | Reached XP level 6. HP: 10/32 MP: 10/10
  2489 | D:3      | Learned a level 5 spell: Lee's Rapid Deconstruction
  2757 | D:3      | Noticed Grinder
  2758 | D:3      | Paralysed by Grinder for 5 turns
  2771 | D:3      | Killed Grinder
  2771 | D:3      | Reached skill level 8 in Earth Magic
  2771 | D:3      | Reached XP level 7. HP: 14/36 MP: 6/12
  2956 | D:3      | Found a burning altar of Makhleb.
  3267 | D:4      | Found a transporter.
  3325 | D:4      | Reached skill level 9 in Earth Magic
  3330 | D:4      | Found a transporter.
  3716 | D:5      | Entered Level 5 of the Dungeon
  3716 | D:5      | Found Yphuamum's Gadget Shop.
  3723 | D:5      | Offered knowledge of Shock by Vehumet.
  3723 | D:5      | Reached XP level 8. HP: 14/41 MP: 10/14
  4077 | D:5      | Reached ** piety under Vehumet
  4099 | D:5      | Reached skill level 10 in Earth Magic
  4410 | D:5      | Found a blossoming altar of Fedhas.
  4411 | D:5      | Found an ornate altar of the Wu Jian Council.
  4411 | D:5      | Found a sparkling altar of Nemelex Xobeh.
  4412 | D:5      | Found an ancient bone altar of Kikubaaqudgha.
  4443 | D:5      | Reached skill level 1 in Conjurations
  4508 | D:5      | Reached skill level 5 in Spellcasting
  5087 | D:5      | Noticed Ijyb
  5100 | D:5      | Killed Ijyb
  5181 | D:5      | Found a glowing silver altar of Zin.
  5347 | D:4      | Noticed Robin
  5352 | D:4      | Offered knowledge of Conjure Flame by Vehumet.
  5352 | D:4      | Killed Robin
  5355 | D:4      | Reached skill level 11 in Earth Magic
  5670 | D:4      | Reached XP level 9. HP: 45/45 MP: 17/17
  5685 | D:4      | Reached *** piety under Vehumet
  5923 | D:6      | Reached skill level 1 in Fighting
  6003 | D:6      | Got a bound glass ring
  6004 | D:6      | Identified the ring "Hiole" {rPois Stlth-} (You found it on
                  | level 6 of the Dungeon)
  6231 | D:6      | Noticed Duvessa
  6234 | D:6      | Noticed Dowan
  6250 | D:6      | Killed Duvessa
  6264 | D:6      | Killed Dowan
  6500 | D:6      | Found a hide-covered altar of Uskayaw.
  6565 | D:6      | Found a staircase to the Ecumenical Temple.
  6584 | D:6      | Learned a level 4 spell: Petrify
  6730 | D:7      | Found a sand-covered staircase.
  6745 | Ossuary  | Entered an ossuary
  6791 | Ossuary  | Offered knowledge of Fulminant Prism by Vehumet.
  6806 | Ossuary  | Reached skill level 12 in Earth Magic
  6921 | Ossuary  | Reached **** piety under Vehumet
  6970 | Ossuary  | Reached skill level 1 in Transmutations
  6987 | Ossuary  | Offered knowledge of Inner Flame by Vehumet.
  7095 | D:7      | Found an opulent altar of Gozag.
  7280 | D:7      | Reached skill level 5 in Conjurations
  7280 | D:7      | Reached XP level 10. HP: 42/56 MP: 16/19
  7910 | D:8      | Got a glimmering flail
  7910 | D:8      | Identified the +5 flail of the Enchanted Forest {pain,
                  | *Drain MP+9 Dex+4} (You found it on level 8 of the Dungeon)
  8215 | D:8      | Reached skill level 13 in Earth Magic
  8520 | D:8      | Reached skill level 5 in Fighting
  8584 | D:8      | Noticed a two-headed ogre
  8589 | D:8      | Killed a two-headed ogre
  8628 | D:8      | Found a staircase to the Lair.
  8628 | D:8      | Noticed an elephant
  8645 | D:8      | Killed an elephant
  9171 | D:8      | Found a stormy altar of Qazlal.
  9178 | D:8      | Found Nith's Antique Armour Shop.
  9179 | D:8      | Reached ***** piety under Vehumet
  9179 | D:8      | Offered knowledge of Spellforged Servitor by Vehumet.
  9201 | D:8      | Learned a level 7 spell: Spellforged Servitor
  9203 | D:8      | Reached XP level 11. HP: 28/64 MP: 14/22
  9320 | D:8      | Bought a glowing robe for 85 gold pieces
  9320 | D:8      | Bought a glowing cloak for 172 gold pieces
  9710 | D:8      | Found a shimmering blue altar of Sif Muna.
  9974 | D:9      | Reached skill level 1 in Summonings
 10029 | D:9      | Got a wavering gossamer ring
 10381 | D:9      | Noticed a two-headed ogre
 10386 | D:9      | Killed a two-headed ogre
 10434 | D:9      | Reached skill level 14 in Earth Magic
 10593 | D:9      | Learned a level 3 spell: Mephitic Cloud
 10672 | D:9      | Identified the ring "Voism" {Fire rElec} (You found it on
                  | level 9 of the Dungeon)
 11124 | D:9      | Found a white marble altar of Elyvilon.
 11240 | D:10     | Entered Level 10 of the Dungeon
 11271 | D:10     | Noticed a two-headed ogre
 11284 | D:10     | Killed a two-headed ogre
 11324 | D:10     | Found a staircase to the Orcish Mines.
 11619 | D:10     | Noticed a two-headed ogre
 11625 | D:10     | Killed a two-headed ogre
 11750 | D:10     | Offered knowledge of Fireball by Vehumet.
 12317 | D:10     | Noticed a cyclops
 12319 | D:10     | Noticed a centaur warrior
 12323 | D:10     | Killed a cyclops
 12326 | D:10     | Killed a centaur warrior
 12326 | D:10     | Reached XP level 12. HP: 56/68 MP: 10/24
 12398 | D:10     | Identified the Compendium of Captivating Stolen Souls
 12562 | Lair:1   | Entered Level 1 of the Lair of Beasts
 13639 | Lair:2   | Noticed a six-headed hydra
 13647 | Lair:2   | Killed a six-headed hydra
 13647 | Lair:2   | Reached skill level 10 in Conjurations
 13688 | Lair:2   | Found a frozen archway.
 13791 | IceCv    | Entered an ice cave
 13799 | IceCv    | HP: 2/68 [death yak simulacrum (30)]
 13804 | IceCv    | Demolished by a death yak simulacrum

Illustrated notes

Levels and vault maps discovered:
D:1:      saegor_arrival_simple_c, layout_loops_ring
D:2:      layout_rooms, nicolae_ru_sacrificial_ziggurat,
          nicolae_overflow_hidden_temple, vehumet_crystals,
          chequers_mini_garden, grunt_ministairs_7, kennysheep_path_1,
          minmay_misc_feat_columns, uniq_jessica
D:3:      layout_basic, bloody_makhleb, uniq_grinder
D:4:      gammafunk_cloud_chamber, layout_cave_pools, chequers_garden,
          uniq_robin
D:5:      minmay_octagon_keep, layout_rooms, overflow_temple_1_default,
          chequers_temple_overflow_statue_of_worship, serial_shops, shop,
          first_ration, serial_glass, glass_columns_a, glass_columns_a,
          glass_columns_b, glass_columns_a, kennysheep_generic_room_5, uniq_ijyb
D:6:      layout_basic, lemuel_crystal_altar, minmay_temple_entry_glass,
          uniq_duvessa
D:7:      layout_rooms, nicolae_ossuary_entry_ruins, the_bakery,
          grunt_gozag_breadcrumbs
D:8:      layout_layer_cave, tgw_sif, grunt_qazlal_clouds, david_lair_generic,
          serial_shops, shop
D:9:      layout_layer_cave, kennysheep_little_box
D:10:     minmay_blocky_corners, layout_loops_ring, david_orc_3, special_room
          [special_room_orc]
Lair:1:   layout_gridlike, infiniplex_staircase_pool_2
Lair:2:   layout_long_grid, portal_ice_cave_rime, st_stairs_4
IceCv:    ice_cave_small_necro

Skill      XL: |  1  2  3  4  5  6  7  8  9 10 11 12 |
---------------+-------------------------------------+-----
Earth Magic    | 4 5 6 7 8 9 11 12 13 14 | 14.7
Spellcasting   | 3 4 5 6 7 8 |  8.8
Conjurations   | 3 5 6 9 10 | 10.1
Fighting       | 3 5 |  5.4
Transmutations | 1 |  1.0
Dodging        | 2 3 4 |  4.4
Summonings     | 3 4 |  4.3
Stealth        | |  2.1

Action                   |  1- 3 |  4- 6 |  7- 9 | 10-12 || total
-------------------------+-------+-------+-------+-------++-------
Melee: Short sword       |    15 |       |       |       ||    15
       Dagger            |    60 |    35 |       |       ||    95
       Mace              |       |    49 |   331 |   315 ||   695
 Cast: Sandblast         |    11 |    13 |    62 |    21 ||   107
       Stone Arrow       |       |       |    19 |   124 ||   143
       Lee's Rapid Decon |       |       |    16 |    41 ||    57
       Petrify           |       |       |       |     9 ||     9
  Use: Scroll            |     1 |       |    11 |     5 ||    17
       Potion            |       |       |     1 |     3 ||     4
 Stab: Sleeping          |     2 |     1 |     7 |     3 ||    13
       Distracted        |       |       |     1 |       ||     1
  Eat: Chunk             |     3 |     2 |    15 |    31 ||    51
       Ration            |       |       |     2 |       ||     2
Armor: Robe              |    25 |    31 |   211 |   256 ||   523
Dodge: Dodged            |    53 |    67 |   303 |   322 ||   745
